 Dungeon Crawl Stone Soup version 0.29.1-15-g9cfb28693d (webtiles) character file.

Game seed: 13347777259225882995

84 H0rd4k the Charlatan (level 4, 0/33 HPs)
             Began as a Human Artificer on Apr 21, 2023.
             Slain by a worm (6 damage)
             ... on level 3 of the Dungeon.
             The game lasted 00:02:54 (4050 turns).

H0rd4k the Charlatan (Human Artificer)              Turns: 4050, Time: 00:02:55

Health: 0/33       AC:  4    Str: 12    XL:     4   Next: 74%
Magic:  4/4        EV: 11    Int: 13    God:
Gold:   86         SH:  0    Dex: 14    Spells: 3/3 levels left

rFire   . . .      SeeInvis .   a - +0 club
rCold   . . .      Faith    .   (no shield)
rNeg    + . .      Spirit   .   b - +0 leather armour
rPois   .          Reflect  .   (no helmet)
rElec   .          Harm     .   (no cloak)
rCorr   .          Rampage  .   (no gloves)
Will    .....                   o - +0 pair of boots
Stlth   ++........              (no amulet)
HPRegen 0.11/turn               h - ring of positive energy
MPRegen 0.09/turn               (no ring)

@: no status effects
A: no striking features
a: no special abilities


You were on level 3 of the Dungeon.
You visited 1 branch of the dungeon, and saw 3 of its levels.

You collected 86 gold pieces.

Inventory:

Hand Weapons
 a - a +0 club (weapon)
Armour
 b - a +0 leather armour (worn)
 o - a +0 pair of boots (worn)
Jewellery
 h - a ring of positive energy (left hand)
Wands
 c - a wand of flame (5) (quivered)
 d - a wand of charming (25)
 e - a wand of iceblast (5)
Scrolls
 f - a scroll of vulnerability {unknown}
 g - a scroll of identify {unknown}
 i - a scroll of fear {unknown}
 j - a scroll of blinking {unknown}
 l - a scroll of acquirement {unknown}
 m - a scroll of teleportation {unknown}
 p - 2 scrolls of noise {unknown}
 q - a scroll of amnesia {unknown}
 r - a scroll of silence {unknown}
 s - a scroll of poison {unknown}
Potions
 k - 3 potions of heal wounds {unknown}
 n - a potion of resistance {unknown}


   Skills:
 + Level 1.7 Fighting
 + Level 2.1 Maces & Flails
 - Level 2.0 Armour
 + Level 1.8 Dodging
 + Level 1.3 Stealth
 + Level 3.7 Evocations


You had 3 spell levels left.
You didn't know any spells.
Your spell library was empty.

Dungeon Overview and Level Annotations

Branches:
Dungeon (3/15)

Altars:
Zin

Annotations:
D:1 exclusion: downstairs


Message History

The worm is moderately wounded.
The worm bites you.
You barely miss the worm.
The worm is moderately wounded.
The worm closely misses you.
You hit the worm.
The worm is moderately wounded.
The worm barely misses you.
You hit the worm.
The worm is heavily wounded.
You hit the worm.
The worm is severely wounded.
The worm bites you.
You barely miss the worm.
The worm is severely wounded.
The worm bites you.
You hit the worm.
The worm is severely wounded.
You hit the worm.
The worm is severely wounded.
The worm misses you.
You hit the worm.
The worm is severely wounded.
The worm barely misses you.
You hit the worm but do no damage.
The worm is severely wounded.
The worm bites you.
You barely miss the worm.
The worm is severely wounded.
You hit the worm but do no damage.
The worm is severely wounded.
The worm barely misses you.
You hit the worm.
The worm is almost dead.
The worm bites you.
* * * LOW HITPOINT WARNING * * *
You hit the worm but do no damage.
The worm is severely wounded.
The worm bites you.
You die...

#........#
#........#
#........#
#.....<..#
#........#
#........#
#........#
###w.#..####
#..@###.#
#.### #.# #
#.. #..?
.... ...


You could see a worm.

Vanquished Creatures
  A gnoll (D:1)
  An adder (D:1)
  3 dart slugs (D:2)
  3 ball pythons
  7 endoplasms
  A giant cockroach (D:1)
  4 goblins
  10 hobgoblins
  5 jackals (D:1)
  4 quokkas
  3 bats
  5 frilled lizards
  2 kobolds (D:1)
  5 rats
54 creatures vanquished.

Notes
Turn   | Place    | Note
-------+----------+-------------------------------------------
     0 | D:1      | H0rd4k the Human Artificer began the quest for the Orb.
     0 | D:1      | Reached XP level 1. HP: 15/15 MP: 1/1
   363 | D:1      | Reached XP level 2. HP: 17/21 MP: 2/2
   425 | D:1      | Found a faded altar of an unknown god.
   448 | D:1      | HP: 1/21 [goblin/+0 dagger (2)]
  1021 | D:1      | Reached XP level 3. HP: 5/26 MP: 3/3
  1408 | D:1      | Reached skill level 1 in Maces & Flails
  2235 | D:1      | Reached XP level 4. HP: 16/32 MP: 4/4
  2553 | D:2      | Found a glowing silver altar of Zin.
  4050 | D:3      | Slain by a worm

Illustrated notes

Levels and vault maps discovered:
D:1:      minmay_arrival_solitary_statue, layout_basic,
          shapermc_ecumenical_altar_notcrosses
D:2:      layout_rooms, basic_altar, amethyst_killhole
D:3:      minmay_skewed_foursquare, layout_rooms, nicolae_overflow_crystal_walls

Skill      XL: |  1  2  3  4 |
---------------+-------------+-----
Maces & Flails | 1 2 |  2.1
Fighting       | |  1.7
Armour         | |  2.0
Dodging        | |  1.8
Stealth        | |  1.3
Evocations     | |  3.7

Action                   |  1- 3 |  4- 6 || total
-------------------------+-------+-------++-------
Melee: Club              |   145 |   139 ||   284
       Punch             |     1 |       ||     1
Evoke: Wand              |     7 |     4 ||    11
 Stab: Sleeping          |     1 |     1 ||     2
Armor: Leather armour    |    45 |    19 ||    64
Dodge: Dodged            |   128 |    99 ||   227
